 Dungeon Crawl Stone Soup version 0.26-a0-757-g626ac9e51a (webtiles) character file.

Game seed: 1930387603545239766

354 tatingo the Bolt Thrower (level 6, -1/46 HPs)
             Began as a Demonspawn Hunter on Nov 7, 2020.
             Shot with an arrow by a centaur (8 damage)
             ... on level 5 of the Dungeon.
             The game lasted 00:07:10 (5301 turns).

tatingo the Bolt Thrower (Demonspawn Hunter)        Turns: 5301, Time: 00:07:11

Health: -1/46      AC:  7    Str: 14    XL:     6   Next: 35%
Magic:  6/6        EV: 12    Int: 15    God:
Gold:   158        SH:  5    Dex: 18    Spells: 5/5 levels left

rFire    . . .     SeeInvis .   b - +0 short sword
rCold    . . .     Faith    .   j - +0 buckler
rNeg     . . .     Spirit   .   c - +0 leather armour
rPois    +         Reflect  .   u - +0 helmet
rElec    .         Harm     .   (no cloak)
rCorr    .         Rampage  .   y - +2 pair of gloves "Cuha" {*Slow rPois Int+3 Dex+4}
MR       .....                  (no boots)
Stlth    ++........             m - amulet of magic regeneration
HPRegen  0.15/turn              (no ring)
MPRegen  0.35/turn              (no ring)

@: no status effects
A: talons 2, powered by pain 1
a: no special abilities


You were on level 5 of the Dungeon.
You visited 1 branch of the dungeon, and saw 5 of its levels.

You collected 158 gold pieces.

Inventory:

Hand Weapons
 a - a +1 hand crossbow
 b - a +0 short sword (weapon)
Missiles
 d - 37 bolts
 t - 3 curare-tipped darts (quivered)
Armour
 c - a +0 leather armour (worn)
 j - a +0 buckler (worn)
 u - a +0 helmet (worn)
 y - the +2 pair of gloves "Cuha" (worn) {*Slow rPois Int+3 Dex+4}
   (You found it on level 4 of the Dungeon)

   It affects your intelligence (+3).
   It affects your dexterity (+4).
   It protects you from poison.
   It may slow you when you take damage.
Jewellery
 m - an amulet of magic regeneration (around neck)
 p - an uncursed amulet of the acrobat {unknown}
Wands
 h - a wand of polymorph (8)
 r - a wand of disintegration (16)
Scrolls
 e - 2 scrolls of remove curse
 f - 2 scrolls of identify {unknown}
 l - a scroll of random uselessness {unknown}
 n - a scroll of amnesia {unknown}
 s - a scroll of fear {unknown}
 v - a scroll of immolation {unknown}
 w - a scroll of enchant armour {unknown}
 x - a scroll of enchant weapon {unknown}
Potions
 g - 2 potions of brilliance
 i - a potion of might {unknown}
 k - a potion of magic {unknown}
 o - 2 potions of curing
 q - a potion of heal wounds {unknown}
 z - 4 potions of flight {unknown}


   Skills:
 + Level 2.4 Fighting
 - Level 0.6 Short Blades
 * Level 5.7 Crossbows
 + Level 1.6 Armour
 + Level 2.4 Dodging
 + Level 1.3 Stealth
 * Level 1.8 Shields


You had 5 spell levels left.
You didn't know any spells.
Your spell library contained the following spells:

 Spells                   Type           Power        Failure   Level
 Magic Dart               Conj           #...         41%         1
 Blink                    Tloc           N/A          56%         2
 Call Imp                 Summ           #.......     56%         2
 Slow                     Hex            #.......     56%         2
 Conjure Flame            Conj/Fire      #.......     80%         3
 Mephitic Cloud           Conj/Pois/Air  #.......     80%         3


Dungeon Overview and Level Annotations

Branches:
Dungeon (5/15)             Temple (0/1) D:5

Altars:
Qazlal

Annotations:
D:5 Edmund


Innate Abilities, Weirdness & Mutations

You have razor-sharp toenails.
You sometimes gain a little power by taking damage.


Message History

You see here an arrow.
The jackal barely misses you.
Edmund gestures with his flail.
The jackal misses you.
The centaur shoots an arrow.
The arrow hits you.
* * * LOW HITPOINT WARNING * * *
The frilled lizard barely misses you.
The centaur shoots an arrow.
The arrow hits you.
* * * LOW HITPOINT WARNING * * *
You see here 2 arrows.
You block the frilled lizard's attack. The jackal barely misses you.
The frilled lizard bites you but does no damage.
The centaur shoots an arrow.
The arrow misses you.
You hear a splash.
You block the jackal's attack.
Found 10 gold pieces.
The centaur shoots an arrow.
The arrow closely misses you.
You hear a splash.
The centaur shoots an arrow.
The arrow hits you!
You die...

..###.............
..####..###.........####
##...)..##.†..........$.
#..####.........≈≈≈≈≈...
..## ####....≈≈≈≈≈≈≈≈≈.
.# #..≈≈≈≈≈≈≈≈≈≈≈≈ .
#.≈≈≈≈≈≈≈≈≈≈≈≈≈≈≈ .
###.≈≈≈≈≈≈...≈≈≈≈≈≈
##...(O..h@.>.≈≈≈≈≈≈
##...@≈≈≈l≈≈.!.≈≈≈≈≈≈
#......≈≈≈≈≈≈≈≈≈≈≈≈≈.
#......c.≈≈≈≈≈≈≈≈≈...
#........((≈≈≈≈≈.....
#.........((.........
#......(...?.?.......
#....................
..>............###....


You could see Edmund, an ogre, a centaur, a jackal and a frilled lizard.

Vanquished Creatures
  An ogre (D:5)
  An orc priest (D:4)
  2 orc wizards
  Jessica (D:2)
  7 adders
  A shadow imp (D:5)
  An ufetubus (D:5)
  An ooze (D:4)
  2 worms
  2 dart slugs (D:2)
  A leopard gecko (D:2)
  9 orcs
  A giant cockroach (D:3)
  2 goblins (D:2)
  10 hobgoblins
  8 jackals
  A quokka (D:5)
  2 ball pythons
  4 bats
  4 frilled lizards
  6 kobolds
  4 rats
71 creatures vanquished.

Vanquished Creatures (others)
  8 plants (D:2)
8 creatures vanquished.

Grand Total: 79 creatures vanquished

Notes
Turn   | Place    | Note
-------+----------+-------------------------------------------
     0 | D:1      | tatingo the Demonspawn Hunter began the quest for the Orb.
     0 | D:1      | Reached XP level 1. HP: 16/16 MP: 1/1
   879 | D:2      | Noticed Jessica
   886 | D:2      | Killed Jessica
   886 | D:2      | Reached skill level 4 in Crossbows
   886 | D:2      | Reached skill level 1 in Stealth
   886 | D:2      | Gained mutation: You have sharp toenails. [demonic
                  | ancestry]
   886 | D:2      | Reached XP level 2. HP: 22/22 MP: 2/2
   886 | D:2      | Reached XP level 3. HP: 27/27 MP: 3/3
  1387 | D:2      | Reached skill level 1 in Shields
  1387 | D:2      | Gained mutation: You have razor-sharp toenails. [demonic
                  | ancestry]
  1387 | D:2      | Reached XP level 4. HP: 29/33 MP: 4/4
  1450 | D:2      | Found a stormy altar of Qazlal.
  3508 | D:3      | Reached skill level 1 in Armour
  3508 | D:3      | Reached XP level 5. HP: 38/38 MP: 5/5
  3713 | D:3      | Reached skill level 5 in Crossbows
  5047 | D:4      | Got a pair of translucent gloves
  5053 | D:4      | Identified the +2 pair of gloves "Cuha" {*Slow rPois Int+3
                  | Dex+4} (You found it on level 4 of the Dungeon)
  5216 | D:5      | Entered Level 5 of the Dungeon
  5222 | D:5      | Noticed an ogre
  5227 | D:5      | Killed an ogre
  5227 | D:5      | Gained mutation: You sometimes gain a little power by
                  | taking damage. [demonic ancestry]
  5227 | D:5      | Reached XP level 6. HP: 46/46 MP: 6/6
  5272 | D:5      | Found a staircase to the Ecumenical Temple.
  5283 | D:5      | Noticed Edmund
  5301 | D:5      | Shot with an arrow by a centaur

Illustrated notes

Levels and vault maps discovered:
D:1:      psy_arrival_conway, layout_loops_cross,
          corexii_item_surrounded_by_moat, minmay_pentomino_v2
D:2:      layout_loops_ring, nicolae_overflow_crystal_walls, serial_forest,
          infiniplex_forest_lined_2, infiniplex_forest_lined_3,
          infiniplex_forest_end_3, infiniplex_forest_clump_curved,
          infiniplex_forest_straight_2, infiniplex_forest_zigzag_1, uniq_jessica
D:3:      layout_rooms, minmay_between
D:4:      layout_gridville
D:5:      layout_rooms, grunt_gozag_breadcrumbs, temple_pool_b, uniq_edmund,
          uniq_grinder, uniq_crazy_yiuf_cottage

Skill      XL: |  1  2  3  4  5 |
---------------+----------------+-----
Crossbows      | 4 5 |  5.7
Stealth        | 1 |  1.3
Dodging        | 2 |  2.4
Shields        | 1 |  1.8
Armour         | 1 |  1.6
Fighting       | |  2.4
Short Blades   | |  0.6

Action                   |  1- 3 |  4- 6 || total
-------------------------+-------+-------++-------
Melee: Short sword       |    24 |   132 ||   156
       Kick              |     2 |    34 ||    36
 Fire: Hand crossbow     |    36 |    60 ||    96
  Use: Potion            |     2 |     1 ||     3
       Scroll            |       |     1 ||     1
 Stab: Sleeping          |     1 |     2 ||     3
Armor: Leather armour    |     8 |    46 ||    54
Dodge: Dodged            |    18 |   103 ||   121
Block: Buckler           |     5 |    47 ||    52

Table legend: (Time is in decaauts)
 A = Elapsed time spent in this place.
 B = Non-inter-level travel time spent in this place.
 C = Inter-level travel time spent in this place.
 D = Time resting spent in this place.
 E = Time spent auto-exploring this place.
 F = Levels seen in this place.
 G = Mean time per level.
                   A        B        C        D        E       F      G
               +--------+--------+--------+--------+--------+-----+--------+
         Total |   5345 |   5126 |    219 |   2244 |   2275 |   5 | 1069.0 |
       Dungeon |   5345 |   5126 |    219 |   2244 |   2275 |   5 | 1069.0 |
               +--------+--------+--------+--------+--------+-----+--------+

Top non-repeatable levels by time:
     D:2: 2459 daAuts
     D:4: 1085 daAuts
     D:1: 883 daAuts
     D:3: 830 daAuts
     D:5: 87 daAuts
